 Dungeon Crawl Stone Soup version 0.28-a0-175-gb2089b6bb7 (webtiles) character file.

Game seed: 17566221515313439069

88 Nattfarinn the Caller (level 4, 0/30 HPs)
             Began as a Barachi Summoner on Aug 17, 2021.
             Slain by a gnoll (7 damage)
             ... on level 3 of the Dungeon.
             The game lasted 00:05:16 (2870 turns).

Nattfarinn the Caller (Barachi Summoner)            Turns: 2870, Time: 00:05:17

Health: 0/30       AC:  2    Str: 10    XL:     4   Next: 54%
Magic:  3/8        EV: 12    Int: 16    God:
Gold:   65         SH:  0    Dex: 12    Spells: 3/9 levels left

rFire   . . .      SeeInvis .   b - +0 whip
rCold   . . .      Faith    .   (no shield)
rNeg    . . .      Spirit   .   a - +0 robe
rPois   .          Reflect  .   (no helmet)
rElec   .          Harm     .   (no cloak)
rCorr   .          Rampage  .   (no gloves)
Will    .....                   (no boots)
Stlth   ++........              (no amulet)
HPRegen 0.10/turn               (no ring)
MPRegen 0.11/turn               (no ring)

@: unable to hop, invisible, slow
A: amphibious, slowness 1, strong legs 1, +LOS
a: Hop


You were on level 3 of the Dungeon.
You visited 1 branch of the dungeon, and saw 3 of its levels.

You collected 65 gold pieces.

Inventory:

Hand Weapons
 b - a +0 whip (weapon)
Armour
 a - a +0 robe (worn)
 j - a +4 scale mail of fire resistance
Wands
 h - a wand of flame (8)
Scrolls
 e - a scroll of magic mapping
 f - a scroll of fog
 i - 3 scrolls of noise
Potions
 c - a potion of might {unknown}
 d - a potion of invisibility
 g - a potion of curing {unknown}


   Skills:
 - Level 2.1 Dodging
 - Level 1.7 Stealth
 + Level 3.2 Spellcasting
 * Level 6.4 Summonings


You had 3 spell levels left.
You knew the following spells:

 Your Spells              Type           Power      Damage    Failure   Level
a - Summon Small Mammal   Summ           92%        N/A       1%          1
b - Call Imp              Summ           23%        N/A       1%          2
c - Summon Guardian Gole  Hex/Summ       12%        N/A       14%         3

Your spell library contained the following spells:

 Spells                   Type           Power      Damage    Failure   Level
 Call Canine Familiar     Summ           23%        N/A       4%          3
 Pain                     Necr           8%         1d4       19%         1
 Static Discharge         Conj/Air       2%         N/A       28%         2
 Summon Lightning Spire   Summ/Air       12%        N/A       43%         4
 Agony                    Necr           2%         N/A       99%         5
 Excruciating Wounds      Necr           1%         N/A       99%         5
 Lightning Bolt           Conj/Air       1%         1d12      99%         5
 Maxwell's Capacitive Co  Air            1%         ∞         100%        8


Dungeon Overview and Level Annotations

Branches:
Dungeon (3/15)

Altars:
Xom

Shops:
D:3 (


Innate Abilities, Weirdness & Mutations

You are amphibious.
You cover ground slowly.
You can hop short distances.
You have an extended range of vision and can be seen from far away.


Message History

You swap places.
Your crimson imp blinks!
The gnoll hits you from afar with a +0 halberd.
Your iron imp hits the gnoll!
The gnoll misses you.
Unknown command.
Your iron imp hits the gnoll!
The gnoll dies!
The gnoll sergeant hits your iron imp but does no damage.
Your crimson imp blinks!
Your iron imp hits the gnoll!
The gnoll sergeant closely misses your iron imp.
Your crimson imp blinks!
The gnoll sergeant hits your iron imp with a +0 spear!
The gnoll hits you from afar with a +0 spear.
Your crimson imp barely misses the gnoll.
Your crimson imp blinks!
The gnoll hits you from afar with a +0 spear.
Your iron imp hits the gnoll.
Your crimson imp blinks!
The gnoll hits you but does no damage.
Your iron imp hits the gnoll!
The gnoll dies!
Your iron imp closely misses the gnoll sergeant.
Your iron imp hits the gnoll.
The gnoll sergeant hits you from afar with a +0 spear!
* * * LOW HITPOINT WARNING * * *
Your crimson imp hits the gnoll.
The gnoll hits your crimson imp with a +0 spear.
Hop to where?
Press: ? - help, Dir - move target Boing!
Your crimson imp barely misses the gnoll.
The gnoll sergeant blocks your crimson imp's attack.
The gnoll hits you from afar with a +0 spear.
* * * LOW HITPOINT WARNING * * *
It was a potion of invisibility.
You fade into invisibility!
Your crimson imp hits the gnoll sergeant but does no damage.
The gnoll hits you from afar with a +0 spear!
You die...

......................#
..........###########.#
###.......# #.##
#.##....### #..#
#.##....#..#########.#
###)##....#.#..≈§≈≈≈..##
5........>..#.≈§...§≈.#
............#.≈.≈≈§§≈§#
###.###.....#g≈≈@.§≈§.#
#.# #.#...#5≈≈§_§§§§#
#.# #.#...#.§§..g≈§.#
###.###.#5..#§≈§≈≈≈.≈.#
.....##(#...#5§§....≈.#
#.....#.#...#..§§§≈≈..#
#.....#..(..)#########.#
..###.#.....)$...# .#
#####.#...).......... #


You could see a gnoll sergeant (ally target), a gnoll, a friendly iron imp
(summoned) and a friendly crimson imp (summoned).

Vanquished Creatures
  An adder (D:2)
  A bat (D:1)
  An endoplasm (D:2)
  2 giant cockroaches
  A goblin (D:1)
  2 hobgoblins
  4 kobolds
  A frilled lizard (D:2)
13 creatures vanquished.

Vanquished Creatures (collateral kills)
  Terence (D:3)
  3 gnolls
  3 adders (D:2)
  2 dart slugs
  An endoplasm (D:1)
  3 goblins
  2 hobgoblins
  2 jackals (D:2)
  3 kobolds (D:1)
  A bat (D:2)
  4 frilled lizards
  4 rats
29 creatures vanquished.

Grand Total: 42 creatures vanquished

Notes
Turn   | Place    | Note
-------+----------+-------------------------------------------
     0 | D:1      | Nattfarinn the Barachi Summoner began the quest for the
                  | Orb.
     0 | D:1      | Reached XP level 1. HP: 13/13 MP: 3/3
    94 | D:1      | Reached skill level 5 in Summonings
    94 | D:1      | Reached XP level 2. HP: 6/19 MP: 3/5
   590 | D:1      | Found a faded altar of an unknown god.
  1210 | D:2      | Reached XP level 3. HP: 22/24 MP: 2/7
  1326 | D:2      | Learned a level 2 spell: Call Imp
  1330 | D:2      | Learned a level 3 spell: Summon Guardian Golem
  1844 | D:2      | Reached skill level 6 in Summonings
  2310 | D:2      | Reached XP level 4. HP: 30/30 MP: 8/8
  2691 | D:3      | Noticed a gnoll sergeant
  2713 | D:3      | Noticed Terence
  2746 | D:3      | Killed Terence
  2831 | D:3      | Found a shimmering altar of Xom.
  2843 | D:3      | Found Qikhyuv's Weapon Boutique.
  2870 | D:3      | Slain by a gnoll

Illustrated notes

Levels and vault maps discovered:
D:1:      nicolae_arrival_somewhat_less_tricky_arrival, layout_rooms,
          hellmonk_ecumenical_altar_arch_garden
D:2:      layout_basic, st_stairs_4
D:3:      minmay_recursive_quarters, layout_basic, mainiacjoe_overflow_paths,
          serial_shops, nicolae_shop_trees, nicolae_shop_trees,
          kennysheep_generic_room_12, uniq_crazy_yiuf_cottage, uniq_terence

Skill      XL: |  1  2  3 |
---------------+----------+-----
Summonings     | 5 6 |  6.4
Spellcasting   | 3 |  3.2
Dodging        | |  2.1
Stealth        | |  1.7

Action                   |  1- 3 |  4- 6 || total
-------------------------+-------+-------++-------
Melee: Unarmed           |     4 |       ||     4
       Whip              |    63 |    20 ||    83
 Cast: Summon Small Mamm |    56 |       ||    56
       Call Imp          |     2 |    14 ||    16
       Summon Guardian G |     1 |     1 ||     2
 Abil: Hop               |     1 |     1 ||     2
  Use: Potion            |     3 |     1 ||     4
       Scroll            |     3 |       ||     3
Armor: Robe              |    19 |     5 ||    24
       Skin              |    18 |       ||    18
Dodge: Dodged            |    50 |    19 ||    69

Table legend: (Time is in decaauts)
 A = Elapsed time spent in this place.
 B = Non-inter-level travel time spent in this place.
 C = Inter-level travel time spent in this place.
 D = Time resting spent in this place.
 E = Time spent auto-exploring this place.
 F = Levels seen in this place.
 G = Mean time per level.
                   A        B        C        D        E       F      G
               +--------+--------+--------+--------+--------+-----+--------+
         Total |   3112 |   3040 |     72 |    643 |   1886 |   3 | 1037.3 |
       Dungeon |   3112 |   3040 |     72 |    643 |   1886 |   3 | 1037.3 |
               +--------+--------+--------+--------+--------+-----+--------+

Top non-repeatable levels by time:
     D:2: 1416 daAuts
     D:1: 1226 daAuts
     D:3: 469 daAuts
